 Dungeon Crawl Stone Soup version 0.21-a0-91-ga5031da (webtiles) character file.

212624 Duffy the Spry (level 19, 124/124 HPs)
             Began as a Tengu Air Elementalist on June 30, 2017.
             Was the Champion of Cheibriados.
             Quit the game on level 3 of the Elven Halls.
             The game lasted 01:25:34 (47033 turns).

Duffy the Spry (Tengu Air Elementalist)            Turns: 47033, Time: 01:25:34

Health: 124/124    AC: 16    Str: 20    XL:     19   Next: 33%
Magic:  45/45      EV: 34    Int: 36    God:    Cheibriados [******]
Gold:   925        SH:  9    Dex: 32    Spells: 19/42 levels left

rFire    + . .     SeeInvis .   a - staff of air
rCold    + + .     Gourm    .   h - +2 buckler {rC+}
rNeg     . . .     Faith    +   y - +5 ring mail "Hor Gua" {rF+ Regen+}
rPois    .         Spirit   .   j - +2 hat
rElec    +         Reflect  .   I - +0 cloak
rCorr    .         Harm     .   A - +2 pair of gloves
MR       ++++.                  (boots unavailable)
Stlth    ++........             H - amulet of faith
HPRegen  0.70/turn              g - ring of Spite {rElec rC+ MR++ MP+9 Str-4}
MPRegen  0.29/turn              Y - ring "Ixuanid" {Wiz MR+}

@: flying quickly and evasively, very slow
A: beak, talons 3, inhibited regeneration, MP-powered wands, able to fly 2
a: Stop Flying, Bend Time, Temporal Distortion, Slouch, Step From Time, Renounce
Religion


You were on level 3 of the Elven Halls.
You worshipped Cheibriados.
Cheibriados was exalted by your worship.
You were not hungry.

You visited 4 branches of the dungeon, and saw 26 of its levels.
You also visited: Labyrinth.

You collected 3692 gold pieces.
You spent 2767 gold pieces at shops.

Inventory:

Missiles
 l - a throwing net (quivered)
Armour
 h - a +2 buckler of cold resistance (worn)
 j - a +2 hat (worn)
 y - the +5 ring mail "Hor Gua" (worn) {rF+ Regen+}
   (You took it off an orc priest on level 10 of the Dungeon)

   It protects you from fire.
   It increases your rate of regeneration.
 A - a +2 pair of gloves (worn)
 I - a +0 cloak (worn)
Magical Staves
 a - an uncursed staff of air (weapon)
 S - an uncursed staff of wizardry
Jewellery
 b - an uncursed amulet of magic regeneration
 g - the ring of Spite (left hand) {rElec rC+ MR++ MP+9 Str-4}
   (You bought it in a shop on level 2 of the Elven Halls)

   [ring of protection from cold]

   It affects your strength (-4).
   It protects you from cold.
   It insulates you from electricity.
   It affects your resistance to hostile enchantments.
   It affects your magic capacity (+9).
 n - a +4 ring of evasion
 E - an uncursed ring of positive energy
 H - an amulet of faith (around neck)
 Y - the ring "Ixuanid" (right hand) {Wiz MR+}
   (You found it in a labyrinth)

   [ring of wizardry]

   It improves your spell success rate.
   It affects your resistance to hostile enchantments.
Wands
 q - a wand of clouds (4/9)
 w - a wand of polymorph (17/24)
 D - a wand of paralysis (5/24)
 F - a wand of enslavement (20/24)
 K - a wand of iceblast (4/15)
 L - a wand of digging (13/24)
 U - a wand of paralysis (14/24)
Scrolls
 d - 6 scrolls of remove curse
 e - 3 scrolls of fear
 k - a scroll of magic mapping
 p - 7 scrolls of recharging
 t - 6 scrolls of immolation
 v - 6 scrolls of amnesia
 z - 5 scrolls of blinking
 C - a scroll of fog
 G - a scroll of enchant armour
 O - 4 scrolls of teleportation
 W - 3 scrolls of identify
Potions
 f - 4 potions of brilliance
 i - 5 potions of might
 o - 2 potions of resistance
 r - 2 potions of mutation
 u - a potion of agility
 x - 9 potions of curing
 B - 2 potions of invisibility
 M - 3 potions of cancellation
 T - 2 potions of magic
Comestibles
 c - 3 bread rations
 m - 25 royal jellies
 s - 15 meat rations


   Skills:
 - Level 15.0 Fighting
 - Level 4.0 Staves
 - Level 15.4 Dodging
 - Level 2.0 Stealth
 - Level 4.2 Shields
 + Level 12.1 Spellcasting
 - Level 12.0 Conjurations
 - Level 11.0 Fire Magic
 * Level 13.4 Air Magic
 - Level 12.5 Invocations
 - Level 6.5 Evocations


You had 19 spell levels left.
You knew the following spells:

 Your Spells              Type           Power        Failure   Level  Hunger
a - Shock                 Conj/Air       ####         0%          1    None
b - Apportation           Tloc           ###...       1%          1    None
c - Static Discharge      Conj/Air       ########     1%          3    None
d - Summon Butterflies    Summ           ###.....     1%          1    None
e - Blink                 Tloc           N/A          1%          2    None
h - Bolt of Fire          Conj/Fire      #######...   1%          6    ###....
j - Airstrike             Air            ########..   1%          4    None
l - Lightning Bolt        Conj/Air       ########..   1%          5    None


Dungeon Overview and Level Annotations

Branches:
Dungeon (15/15)            Temple (0/1) D:7            Lair (6/6) D:11
 Shoals (0/4) Lair:3        Snake (0/4) Lair:2        Slime (0/5) Lair:6
    Orc (2/2) D:9             Elf (3/3) Orc:2        Vaults (0/5) D:14
 Depths (0/5) D:15

Altars:
Cheibriados
Dithmenos
Gozag
Kikubaaqudgha
Makhleb
Nemelex Xobeh
Okawaru
Sif Muna
Uskayaw
Vehumet
Xom
The Shining One
Beogh
Jiyva

Shops:
D:4 !   D:5 *   D:12 !(   Orc:2 }(*}}}   Elf:2 }=}

Annotations:
Lair:2 exclusion: 3 doors
Lair:6 1 runed door
Elf:2 3 runed doors, exclusion: 3 doors


Innate Abilities, Weirdness & Mutations

You have a beak for a mouth.
You have claws for feet.
You can fly continuously.
You do not regenerate when monsters are visible.
You expend magic power (3 MP) to strengthen your wands.


Message History

You see here a book of Party Tricks.
Okay, then.
You see here a Young Poisoner's Handbook.
There is an open door here.
There is a large open door here.
There is a large open door here.
There is an open door here.
You see here a spear of freezing.
There is an open door here.
You see here a cursed amulet of inaccuracy.
You see here a leather armour.
Done exploring.
Done exploring.
Throwing (i - inventory):
l - a throwing net (quivered)
Press: ? - help, Shift-Dir - straight line
Okay, then.
Unknown command.
Search for what [Enter for "shield", or ? for help]? book Done exploring.
Are you sure you want to abandon this character and quit the game? (Confirm with "yes".)

...(..###.......'.......#
.....## ##......##.....##
....## ##.....###...## ....#
#.....#.##'## ....##
##.....#.....# .[...##
##......#.")..#
....).###.......#...)##
...............##..)##
#.............##@.###
#........)....#}.##
###.........###### #
##..)....##
#######)######################
.#...(....#..........#.......#
()..).....#))........#...)...#
)#........')..)..)...'..)....#
#########)###)###########)####


There were no monsters in sight!

Vanquished Creatures
  A deep elf blademaster (Elf:3)
  4 deep elf master archers (Elf:3)
  Frances (D:12)
  Roxanne (D:14)
  A storm dragon (D:14)
  12 deep elf sorcerers
  A frost giant (D:15)
  5 deep elf elementalists (Elf:3)
  4 deep elf demonologists (Elf:3)
  Azrael (D:12)
  7 deep elf annihilators
  Snorg (D:11)
  An ettin (Orc:2)
  8 deep elf death magi
  A minotaur (Lab)
  2 fire dragons (Lair:6)
  4 ogre magi
  5 deep elf high priests (Elf:3)
  4 hydras
  Erica (D:10)
  A catoblepas (D:15)
  9 centaur warriors
  20 two-headed ogres
  A deep troll earth mage (D:14)
  13 dancing weapons
  Urug (Lair:5)
  Sonja (D:13)
  15 deep elf knights
  8 skeletal warriors
  2 deep trolls (Orc:2)
  Nergalle (D:12)
  15 deep elf archers
  A swamp dragon (Lair:6)
  5 unseen horrors
  A wizard (D:15)
  The ghost of anet the Skirmisher, a novice MiMo of Ashenzari (D:5)
  2 lindwurms (Lair:6)
  An oklob plant (Lair:6)
  An orc knight (Orc:2)
  2 wolf spider zombies
  44 deep elf magi
  A manticore (D:14)
  A mana viper (shapeshifter) (D:14)
  11 ugly things
  4 cyclopes
  10 elephants (Lair:6)
  An orc sorcerer (Orc:1)
  3 centaur zombies
  Joseph (D:8)
  2 black mambas
  A gargoyle (D:12)
  7 spiny frogs
  2 centaur skeletons
  7 torpor snails
  8 komodo dragons
  An efreet (D:14)
  A yaktaur (D:15)
  A rime drake (Lair:6)
  12 trolls
  3 tyrant leeches (Lair:6)
  3 meliai (Lair:5)
  2 polar bears (Lair:6)
  A merfolk (D:11)
  7 hornets (Lair:6)
  A queen bee (Lair:5)
  8 blink frogs
  7 hippogriffs
  12 dream sheep
  7 slime creatures (D:12)
  A meliai zombie (D:14)
  Sigmund (D:3)
  4 shadows
  A wraith (D:14)
  47 yaks
  A vampire (D:14)
  4 air elementals
  A yak (shapeshifter) (Elf:1)
  3 wyverns
  7 fire elementals
  9 water elementals
  4 vampire mosquitoes (D:15)
  6 steam dragons
  7 basilisks
  4 hungry ghosts
  Menkaure (D:4)
  3 nagas (Lair:2)
  3 acid dragons
  2 soldier ants
  14 water moccasins
  A hell hound (D:11)
  3 wargs
  5 porcupines
  4 ice beasts
  24 orc warriors
  2 swamp drakes (Lair:6)
  3 sky beasts
  6 black bears
  5 phantoms
  An eye of draining (D:12)
  20 centaurs
  4 necrophages
  36 ogres
  9 wolves
  21 crocodiles
  2 big kobolds
  A wyvern zombie (D:15)
  17 bullfrogs
  3 earth elementals
  3 scorpions
  33 killer bees
  4 howler monkeys
  An electric eel (Elf:3)
  9 crimson imps
  3 bullfrog zombies
  A quasit (D:11)
  20 orc priests
  6 jellies
  9 hounds
  4 bullfrog skeletons
  28 orc wizards
  Jessica (D:3)
  Natasha (twice) (D:3)
  9 iguanas
  8 worker ants
  9 adders
  3 shadow imps
  3 oozes
  An adder skeleton (D:3)
  A worm (D:3)
  A dart slug (D:1)
  6 leopard geckos
  81 orcs
  6 giant cockroaches
  15 goblins
  8 hobgoblins
  11 jackals
  5 quokkas
  2 ball pythons (D:3)
  10 bats
  8 frilled lizards
  22 kobolds
  A leopard gecko skeleton (D:4)
  A quokka skeleton (D:10)
  12 rats
  A fungus (Lair:5)
  4 plants
977 creatures vanquished.

Vanquished Creatures (others)
  A deep elf blademaster (Elf:3)
  An unseen horror (D:14)
  A hippogriff (D:13)
  A water elemental (Elf:1)
  An iguana (Lair:6)
  16 fungi
  27 plants
48 creatures vanquished.

Grand Total: 1025 creatures vanquished

Notes
Turn   | Place    | Note
-------+----------+-------------------------------------------
     0 | D:1      | Duffy the Tengu Air Elementalist began the quest for the Orb.
     0 | D:1      | Reached XP level 1. HP: 10/10 MP: 4/4
   266 | D:1      | Reached XP level 2. HP: 15/15 MP: 3/6
   270 | D:1      | Learned a level 2 spell: Swiftness
   600 | D:1      | Reached XP level 3. HP: 19/19 MP: 2/7
  1634 | D:2      | Reached skill level 5 in Air Magic
  1668 | D:2      | Reached XP level 4. HP: 24/24 MP: 5/8
  1755 | D:2      | Learned a level 4 spell: Airstrike
  2877 | D:3      | Gained mutation: You can fly. [Tengu growth]
  2877 | D:3      | Reached XP level 5. HP: 28/28 MP: 7/10
  2933 | D:3      | Noticed Sigmund
  3008 | D:3      | Killed Sigmund
  3008 | D:3      | Reached XP level 6. HP: 32/32 MP: 7/13
  3050 | D:3      | Noticed Jessica
  3051 | D:3      | Killed Jessica
  3290 | D:3      | Learned a level 5 spell: Lightning Bolt
  3443 | D:3      | Noticed Natasha
  3450 | D:3      | Killed Natasha
  3657 | D:3      | Found a snail-covered altar of Cheibriados.
  3663 | D:3      | Became a worshipper of Cheibriados the Contemplative
  3787 | D:3      | Noticed Natasha
  3812 | D:3      | Killed Natasha
  4098 | D:3      | Reached XP level 7. HP: 36/36 MP: 10/14
  4132 | D:4      | Found Ypyett's Distillery.
  4137 | D:4      | Bought a potion of curing for 42 gold pieces
  4137 | D:4      | Bought a potion of degeneration for 14 gold pieces
  4202 | D:4      | Learned a level 3 spell: Static Discharge
  4238 | D:4      | Reached * piety under Cheibriados
  4287 | D:4      | Noticed Menkaure
  4291 | D:4      | Killed Menkaure
  4748 | D:5      | Entered Level 5 of the Dungeon
  4894 | D:5      | Noticed anet's ghost (novice MiMo)
  5076 | D:6      | Noticed a steam dragon
  5080 | D:6      | Killed a steam dragon
  5080 | D:6      | Reached skill level 5 in Spellcasting
  5080 | D:6      | Reached skill level 5 in Conjurations
  5255 | D:6      | Reached XP level 8. HP: 38/41 MP: 6/17
  5771 | D:6      | Reached skill level 1 in Fighting
  6488 | D:6      | Found a deep blue altar of Sif Muna.
  6518 | D:6      | Found an ancient bone altar of Kikubaaqudgha.
  6642 | D:6      | Identified Kikubaaqudgha's Collected Works on Unholy Secrets
  6648 | D:6      | Found a radiant altar of Vehumet.
  6754 | D:6      | Reached ** piety under Cheibriados
  6879 | D:6      | Reached skill level 5 in Dodging
  7254 | D:5      | Reached XP level 9. HP: 51/52 MP: 14/18
  7813 | D:5      | Found Noijif's Assorted Antiques.
  8200 | D:5      | Found a hide-covered altar of Uskayaw.
  8204 | D:5      | Found an iron altar of Okawaru.
  8210 | D:5      | Found a glowing golden altar of the Shining One.
  8736 | D:7      | Reached skill level 5 in Fighting
  8863 | D:7      | Reached skill level 1 in Evocations
  8946 | D:7      | Found a staircase to the Ecumenical Temple.
  9015 | D:7      | Reached *** piety under Cheibriados
  9062 | D:7      | Found a sparkling altar of Nemelex Xobeh.
  9141 | D:7      | Found a shimmering altar of Xom.
  9759 | D:8      | Noticed a two-headed ogre
  9765 | D:8      | Killed a two-headed ogre
  9765 | D:8      | Reached XP level 10. HP: 47/59 MP: 8/20
  9859 | D:8      | Found a shadowy altar of Dithmenos.
  9916 | D:8      | Noticed a two-headed ogre
  9933 | D:8      | Killed a two-headed ogre
  9933 | D:8      | Reached skill level 10 in Air Magic
 10103 | D:8      | Noticed a two-headed ogre
 10105 | D:8      | Noticed a two-headed ogre
 10108 | D:8      | Noticed Joseph
 10342 | D:8      | Killed a two-headed ogre
 10362 | D:8      | Killed a two-headed ogre
 10508 | D:8      | Reached **** piety under Cheibriados
 10740 | D:8      | Killed Joseph
 10740 | D:8      | Reached skill level 1 in Invocations
 11117 | D:9      | Found a burning altar of Makhleb.
 11355 | D:9      | Noticed a two-headed ogre
 11364 | D:9      | Killed a two-headed ogre
 11364 | D:9      | Reached XP level 11. HP: 39/64 MP: 4/23
 11547 | D:9      | Found an opulent altar of Gozag.
 12114 | D:9      | Reached ***** piety under Cheibriados
 12804 | D:10     | Entered Level 10 of the Dungeon
 12821 | D:10     | Noticed a two-headed ogre
 13449 | D:10     | Killed a two-headed ogre
 13944 | D:10     | Noticed Erica
 13949 | D:10     | Killed Erica
 14392 | D:11     | Killed an unseen horror
 14516 | D:11     | Noticed a green ugly thing
 14520 | D:11     | Killed a green ugly thing
 14520 | D:11     | Reached ****** piety under Cheibriados
 14520 | D:11     | Reached skill level 5 in Invocations
 14582 | D:11     | Noticed a six-headed hydra
 14588 | D:11     | Killed a six-headed hydra
 14588 | D:11     | Reached XP level 12. HP: 51/73 MP: 6/24
 14821 | D:11     | Found a staircase to the Lair.
 15221 | D:11     | Noticed Snorg
 15227 | D:11     | Killed Snorg
 15791 | D:11     | Found a runed door.
 15827 | D:11     | Noticed a two-headed ogre
 15831 | D:11     | Killed a two-headed ogre
 16158 | D:11     | Reached skill level 10 in Dodging
 16663 | D:11     | Found a roughly hewn altar of Beogh.
 17237 | D:12     | Noticed Azrael
 17662 | Lair:1   | Entered Level 1 of the Lair of Beasts
 17789 | D:10     | Got a bloodstained ring mail
 17800 | D:10     | Identified the +5 ring mail "Hor Gua" {rF+ Regen+} (You took it off an orc priest on level 10 of the Dungeon)
 18655 | Lair:1   | Identified a scroll of acquirement
 18864 | Lair:2   | Found a staircase to the Snake Pit.
 18982 | Lair:2   | Reached skill level 1 in Staves
 19032 | Lair:2   | Reached skill level 1 in Shields
 19063 | Lair:2   | Found a labyrinth entrance.
 19078 | Lab      | Entered a labyrinth
 19649 | Lab      | Noticed a minotaur
 19651 | Lab      | Killed a minotaur
 19700 | Lab      | Got a glittering jade ring
 19703 | Lab      | Got a twisted trident
 19710 | Lab      | Identified the ring "Ixuanid" {Wiz MR+} (You found it in a labyrinth)
 19712 | Lab      | Identified the +2 trident of Contradiction {freeze, rPois rC+ Dex-4 SInv} (You found it in a labyrinth)
 19721 | Lab      | Learned a level 6 spell: Bolt of Fire
 19764 | Lair:2   | Reached XP level 13. HP: 80/80 MP: 25/25
 20741 | Lair:3   | Reached skill level 10 in Fighting
 20798 | Lair:3   | Found a staircase to the Shoals.
 20995 | Lair:3   | You fall through a shaft!
 21911 | Lair:4   | Learned a level 1 spell: Apportation
 21913 | Lair:4   | Learned a level 1 spell: Summon Butterflies
 22943 | Lair:5   | Reached skill level 10 in Invocations
 23153 | Lair:5   | Found a shimmering altar of Xom.
 23954 | Lair:5   | Noticed Urug
 23957 | Lair:5   | Killed Urug
 23957 | Lair:5   | Gained mutation: You can fly continuously. [Tengu growth]
 23957 | Lair:5   | Reached XP level 14. HP: 88/88 MP: 11/27
 24074 | Lair:5   | Got a glittering pewter ring
 24076 | Lair:5   | Identified the cursed ring "Zoblur" {+Inv rC- AC-3 Str+3} (You found it on level 5 of the Lair of Beasts)
 24377 | Lair:6   | Entered Level 6 of the Lair of Beasts
 24670 | Lair:6   | Found a runed door.
 24671 | Lair:6   | Found a viscous altar of Jiyva.
 24673 | Lair:6   | Noticed an acid blob
 24674 | Lair:6   | Found a staircase to the Slime Pits.
 24674 | Lair:6   | Noticed an acid blob
 24750 | Lair:6   | Reached skill level 5 in Evocations
 24935 | Lair:6   | Found a runed door.
 25284 | Lair:6   | Reached skill level 1 in Fire Magic
 25735 | Lair:6   | Reached skill level 10 in Conjurations
 27130 | D:5      | Killed anet's ghost
 27242 | D:9      | Found a roughly hewn altar of Beogh.
 27242 | D:9      | Found a staircase to the Orcish Mines.
 27330 | Orc:1    | Entered Level 1 of the Orcish Mines
 27516 | Orc:1    | Found a radiant altar of Vehumet.
 27911 | Orc:2    | Entered Level 2 of the Orcish Mines
 27911 | Orc:2    | Found Qetutuop's Quality Used Wands.
 27914 | Orc:2    | Reached skill level 5 in Fire Magic
 28192 | Orc:2    | Reached XP level 15. HP: 92/92 MP: 8/29
 28488 | Orc:1    | Reached skill level 10 in Spellcasting
 29173 | Orc:2    | Found Fokuug's Assorted Antiques.
 29178 | Orc:2    | Found Roaczaos's Gadget Boutique.
 29183 | Orc:2    | Found Ujuariur's Weapon Shoppe.
 29241 | Orc:2    | Found Kaotouq's Gadget Shop.
 29331 | Orc:2    | Found Najos's Gadget Boutique.
 29344 | Orc:2    | Found a staircase to the Elven Halls.
 29677 | Orc:2    | Bought a murky silvery potion for 32 gold pieces
 29864 | D:4      | Bought a potion of experience for 700 gold pieces
 29864 | D:4      | Reached XP level 16. HP: 97/97 MP: 31/31
 29865 | D:4      | Bought a potion of magic for 112 gold pieces
 29865 | D:4      | Bought a potion of heal wounds for 70 gold pieces
 29865 | D:4      | Bought a potion of cancellation for 112 gold pieces
 29865 | D:4      | Bought a potion of heal wounds for 70 gold pieces
 30051 | Orc:2    | Bought a scroll of identify for 72 gold pieces
 30051 | Orc:2    | Bought a scroll of identify for 72 gold pieces
 30206 | D:12     | Noticed Nergalle
 30209 | D:12     | Killed Nergalle
 30479 | D:12     | Killed Azrael
 31392 | D:12     | Found Gan Ebb's Distillery.
 31552 | D:12     | Found Seorapu's Weapon Boutique.
 31611 | D:12     | Noticed Frances
 31614 | D:12     | Gained mutation: You do not regenerate when monsters are visible. [a neqoxec]
 31641 | D:12     | Killed Frances
 32422 | D:13     | Noticed Sonja
 32424 | D:13     | Killed Sonja
 32821 | D:13     | Reached skill level 15 in Dodging
 33227 | D:14     | Reached XP level 17. HP: 97/102 MP: 3/32
 33364 | D:14     | Found a gate to the Vaults.
 34189 | D:14     | Noticed Roxanne
 34520 | D:15     | Entered Level 15 of the Dungeon
 35547 | D:15     | Found a staircase to the Depths.
 36308 | D:14     | Killed Roxanne
 36364 | D:14     | Identified Roxanne's Disquisition on Earth (You took it off Roxanne on level 14 of the Dungeon)
 36597 | Elf:1    | Entered Level 1 of the Elven Halls
 37788 | Elf:1    | Identified the Incunabulum of Attacks
 38217 | Elf:1    | Gained mutation: You expend magic power (3 MP) to strengthen your wands. [mutagenic meat]
 38348 | Elf:1    | Found an ancient bone altar of Kikubaaqudgha.
 39452 | Elf:2    | Reached XP level 18. HP: 83/118 MP: 20/33
 39493 | Elf:2    | Reached skill level 15 in Fighting
 39717 | Elf:2    | Found a runed gate.
 39939 | Elf:2    | Found Udaipo's Gadget Shop.
 39939 | Elf:2    | Found Qigh's Jewellery Shoppe.
 39940 | Elf:2    | Found Siwn's Gadget Shop.
 39951 | Elf:2    | Bought the ring of Spite {rElec rC+ MR++ MP+9 Str-4} for 694 gold pieces
 40029 | Elf:2    | Found a runed gate.
 40030 | Elf:2    | Found a runed gate.
 40289 | Elf:3    | Entered Level 3 of the Elven Halls
 40956 | Elf:3    | Noticed a deep elf blademaster
 40965 | Elf:3    | Noticed a deep elf blademaster
 40966 | Elf:3    | Noticed a deep elf master archer
 41787 | Elf:3    | Noticed a deep elf master archer
 42052 | Elf:3    | Noticed a deep elf master archer
 42061 | Elf:3    | Killed a deep elf master archer
 42919 | Elf:3    | Killed a deep elf blademaster
 43438 | Elf:1    | Reached skill level 10 in Fire Magic
 43721 | D:12     | Bought a potion of curing for 42 gold pieces
 43721 | D:12     | Bought a potion of invisibility for 112 gold pieces
 43721 | D:12     | Bought 2 potions of curing for 84 gold pieces
 43721 | D:12     | Bought a potion of curing for 42 gold pieces
 43721 | D:12     | Bought a potion of heal wounds for 70 gold pieces
 43721 | D:12     | Bought a potion of agility for 56 gold pieces
 43721 | D:12     | Bought a potion of curing for 42 gold pieces
 43721 | D:12     | Bought a potion of agility for 56 gold pieces
 43863 | D:5      | Bought a scroll of blinking for 195 gold pieces
 43863 | D:5      | Bought a potion of curing for 78 gold pieces
 44203 | Elf:3    | Noticed a deep elf master archer
 44208 | Elf:3    | Killed a deep elf master archer
 44651 | Elf:3    | HP: 3/119 [deep elf annihilator/iron shot (65)]
 44654 | Elf:3    | Reached XP level 19. HP: 4/124 MP: 17/35
 46949 | Elf:3    | Learned a level 2 spell: Blink
 47033 | Elf:3    | Quit the game

Vault maps used:
D:1:      lightli_arrival_windingriver, st_stairs_12, serial_bayou_pond_e,
          kennysheep_minor_cross, minmay_tripent
D:3:      cheibriados_altar_1, uniq_jessica, uniq_sigmund, uniq_natasha
D:4:      serial_shops, shop, hangedman_decor_points, uniq_menkaure
D:5:      minmay_overflow_temple_star_quad, first_bread, serial_shops,
          nicolae_shop_trees, kennysheep_nondescript
D:6:      palyth_temple_overflow_mages, kennysheep_generic_room_4
D:7:      overflow_temple_1_default, kennysheep_little_box,
          minmay_temple_entry_trees
D:8:      grunt_dithmenos_shadows, enter_bailey_3, uniq_joseph
D:9:      grunt_gozag_breadcrumbs, makhleb_heckhound_becter, david_orc_5
D:10:     uniq_erica
D:11:     erik_lair_orcish_takeover, lightli_church_of_beogh, uniq_snorg
D:12:     serial_shops, shop, nicolae_shop_window_shopping,
          hangedman_stone_soup, uniq_frances, uniq_azrael, uniq_nergalle
D:13:     serial_glass, glass_columns_a, glass_columns_a, glass_columns_a,
          glass_columns_c, glass_columns_a, glass_columns_a, glass_columns_b,
          glass_columns_a, minmay_strange_pillars, st_stairs_1, uniq_sonja
D:14:     david_vaults_2, hangedman_corner_corridor, uniq_roxanne
D:15:     grunt_enter_depths_snipers, fountainhead
Lair:2:   guppyfry_snake_entry_island, lab_entry_generic, zaba_antful_of_joy,
          grunt_megastairs_1
Lair:3:   minmay_shoals_entry_centaurs, beast_lair_carwin_11
Lair:5:   basic_altar, st_stairs_8, uniq_urug
Lair:6:   guppyfry_lair_end_dragon, wormcave, slime_altar_2,
          columned_hall_lemuel
Orc:1:    basic_altar, mines4_lemuel
Orc:2:    st_orc_open, serial_shops, nicolae_shop_trees,
          nicolae_for_you_no_charge
Elf:1:    basic_altar, minmay_elf_annihilation, nicolae_elf_big_sculpture_2,
          lemuel_flamethrower_1
Elf:2:    roderic_roman_lattice, minmay_shop_grove, basic_stair_grate_trap
Elf:3:    nooodl_elf_gasket

Skill      XL: |  1  2  3  4  5  6  7  8  9 10 11 12 13 14 15 16 17 18 19 |
---------------+----------------------------------------------------------+-----
Conjurations   | 2 3 5 7 9 10 12 | 12.0
Air Magic      | 5 6 7 8 9 11 13 | 13.4
Spellcasting   | 3 4 5 6 7 8 9 10 11 12 | 12.1
Fighting       | 4 5 6 8 9 10 14 15 | 15.0
Dodging        | 5 6 7 9 10 12 15 | 15.4
Evocations     | 3 4 6 |  6.5
Invocations    | 2 5 7 10 12 | 12.5
Staves         | 3 4 |  4.0
Shields        | 2 4 |  4.2
Fire Magic     | 5 8 11 | 11.0
Stealth        | |  2.0

Action                   |  1- 3 |  4- 6 |  7- 9 | 10-12 | 13-15 | 16-18 | 19-21 || total
-------------------------+-------+-------+-------+-------+-------+-------+-------++-------
Melee: Quarterstaff      |       |       |    48 |    82 |       |       |       ||   130
       Kick              |       |       |    23 |   137 |   385 |   505 |    29 ||  1079
       Peck              |       |       |     6 |    91 |   221 |   316 |    15 ||   649
       Scimitar          |       |       |       |   115 |       |       |       ||   115
       Staff             |       |       |       |    15 |   609 |   793 |    45 ||  1462
 Cast: Shock             |    69 |   141 |   145 |    95 |     9 |     1 |       ||   460
       Airstrike         |       |     2 |     7 |     5 |    81 |    82 |     1 ||   178
       Static Discharge  |       |       |    45 |    88 |    57 |     8 |       ||   198
       Lightning Bolt    |       |       |     2 |    47 |    57 |    51 |     4 ||   161
       Bolt of Fire      |       |       |       |       |     8 |   151 |    53 ||   212
Invok: Slouch            |       |       |       |       |     4 |     4 |       ||     8
       Temporal Distorti |       |       |       |       |       |     1 |       ||     1
 Abil: Fly               |       |       |       |     3 |     7 |     1 |       ||    11
       Stop Flying       |       |       |       |       |       |     1 |       ||     1
Evoke: Wand              |       |       |     2 |       |       |     3 |       ||     5
  Use: Scroll            |       |     6 |    12 |     8 |     7 |    19 |     1 ||    53
       Potion            |       |       |     1 |     2 |     2 |    14 |     2 ||    21
 Stab: Paralysed         |       |       |     2 |       |       |       |       ||     2
       Sleeping          |       |       |     1 |     3 |     7 |     5 |       ||    16
       Distracted        |       |       |       |       |     1 |     5 |       ||     6
       Invisible         |       |       |       |       |       |     5 |       ||     5
  Eat: Chunk             |     3 |    21 |    10 |    18 |    19 |    26 |     2 ||    99
       Fruit             |       |       |       |     2 |       |     4 |       ||     6
       Royal jelly       |       |       |       |     1 |       |     3 |       ||     4
       Bread ration      |       |       |       |       |     2 |     4 |     2 ||     8
Armor: Skin              |       |     1 |       |     8 |       |       |       ||     9
       Robe              |       |     6 |     5 |       |       |       |       ||    11
       Leather armour    |       |       |    31 |    65 |       |       |       ||    96
       Ring mail         |       |       |       |    12 |   100 |   114 |     5 ||   231
Dodge: Dodged            |     7 |    21 |    86 |   364 |   720 |  1011 |    39 ||  2248
Block: Buckler           |       |       |       |     9 |   372 |   449 |    18 ||   848
       Rpst.: Scimitar   |       |       |       |    46 |       |       |       ||    46
